 Dungeon Crawl Stone Soup version 0.15.0-31-geb66e34 (console) character file.

24950 gw the Basher (level 12, -2/86 (91) HPs)
             Began as a Deep Dwarf Gladiator on Sept 13, 2014.
             Was an Elder of Makhleb.
             Slain by a death yak (7 damage)
             ... on Level 6 of the Lair of Beasts.
             The game lasted 00:17:56 (16739 turns).

gw the Basher (Deep Dwarf Gladiator)               Turns: 16739, Time: 00:17:56

HP  -2/86 (91)   AC 25     Str 20      XL: 12   Next: 85%
MP   8/9         EV  9     Int  5 (9)  God: Makhleb [****..]
Gold 0           SH  0     Dex 17      Spells:  0 memorised, 11 levels left

rFire  . . .     SeeInvis .     a - +0 great mace
rCold  . . .     Clarity  .     B - +0 plate armour
rNeg   + . .     rCorr    .     (no shield)
rPois  .         rRot     .     c - +1 helmet
rElec  .         Spirit   .     A - +2 cloak {+Inv}
SustAb .         Warding  .     m - +2 pair of gloves
rMut   .         Stasis   .     u - +0 pair of boots
Gourm  .                        (no amulet)
MR     +....                    w - +3 ring of evasion
                                D - ring of positive energy

@: non-regenerating, somewhat resistant to hostile enchantments, extremely
unstealthy
A: damage resistance, recharge devices, frail 2, low mp 1, sense surroundings 2,
slow healing 3
a: Device Recharging, Minor Destruction, Lesser Servant of Makhleb, Major
Destruction, Renounce Religion, Evoke Invisibility


You were on level 6 of the Lair of Beasts.
You worshipped Makhleb.
Makhleb was greatly pleased with you.
You were hungry.

You visited 3 branches of the dungeon, and saw 18 of its levels.
You also visited: Ossuary.

Inventory:

Hand weapons
 a - a +0 great mace (weapon)
 b - a +0 hand crossbow of electrocution
Missiles
 d - 7 throwing nets
 l - 4 steel bolts
 o - 88 bolts
Armour
 c - a +1 helmet (worn)
 m - a +2 pair of gloves (worn)
 u - a +0 pair of boots (worn)
 A - a +2 cloak of darkness (worn)
 B - a +0 plate armour (worn)
Magical devices
 e - a wand of heal wounds (3)
 g - a wand of enslavement (9)
 v - a wand of invisibility (2)
 y - a wand of paralysis (4) {unknown}
 z - a wand of random effects (12)
 E - a wand of cold (7)
 F - a wand of lightning (5)
 G - a wand of teleportation (0)
Comestibles
 f - 14 bread rations
 i - 3 beef jerkies
 n - 7 meat rations
 s - 45 fruits
 C - a slice of pizza
Scrolls
 j - 12 scrolls of remove curse
 k - 2 scrolls of fear
 p - 14 scrolls of identify
 x - 4 scrolls of noise
Jewellery
 w - a +3 ring of evasion (right hand)
 D - a ring of positive energy (left hand)
Potions
 h - 6 potions of curing
 q - 4 potions of restore abilities
 r - a potion of resistance
 t - 2 potions of might {unknown}
 H - a potion of cancellation {unknown}


   Skills:
 + Level 9.2 Fighting
 * Level 13.5 Maces & Flails
 + Level 7.8 Crossbows
 - Level 1.7 Throwing
 + Level 10.7 Armour
 - Level 3.2 Dodging
 + Level 9.7 Invocations


You had 11 spell levels left.
You didn't know any spells.

Dungeon Overview and Level Annotations

Branches:
Dungeon (11/15)            Temple (1/1) D:7            Lair (6/8) D:9
  Swamp (0/5) Lair:6
    Orc: D:9-12       Snake: Lair:3-6    Spider: Lair:3-6     Slime: Lair:6-8

Altars:
Ashenzari
Cheibriados
Dithmenos
Elyvilon
Fedhas
Kikubaaqudgha
Makhleb
Nemelex Xobeh
Okawaru
Qazlal
Sif Muna
Trog
Vehumet
Xom
Yredelemnul
Zin
The Shining One
Lugonu

Shops:
D:5 *   D:8 }   D:9 !   D:11 (


Innate Abilities, Weirdness & Mutations

You are resistant to damage.
You can recharge devices by infusing magical energy.
You passively map the area around you.
You do not heal naturally.
You are very frail (-20% HP).
Your magical capacity is low (-10% MP).


Message History

Your smoke demon barely misses the death yak. x2
Your smoke demon hits the death yak but does no damage.
Use which ability? (? or * to list) Charge which item? (? for menu, Esc to quit)
Choose an item to recharge, or Esc to abort.
Charge which item? (? for menu, Esc to quit)
Your wand of heal wounds (0) glows for a moment and now has 4 charges.
The death yak completely misses you.
The death yak gores you but does no damage.
The death yak closely misses you. The death yak gores you!
Your smoke demon hits the death yak but does no damage. x3
Evoke which item? (* to show all) (? for menu, Esc to quit)
Zapping:
e - a wand of heal wounds (4)
Press: ? - help, Shift-Dir - straight line, f - you You feel much better.
This wand has 3 charges left.
The death yak gores you but does no damage.
The death yak gores you!
The death yak gores you but does no damage.
The death yak gores you!
You die...

#.#.................
#..P.P..#####.....#.
##........# #######.
#...P#...## ##
#P..)#..#.#
#...#######
#3..##.######
#.YY...PPP#.#
##gY........####
#P.Y####.....#.#
##.## #.¤....#####
### #P.¤¤..#....
#.¤¤¤##.....
##¤¤¤#.....#
##¤¤¤..###. #..P.##
## ######


You could see 4 death yaks and a friendly smoke demon.

Table legend:
 A = Turns spent in this place as a percentage of turns spent in the entire game.
 B = Non-inter-level travel turns spent in this place as a percentage of non-inter-level travel turns spent in the entire game.
 C = Inter-level travel turns spent in this place as a percentage of turns spent in this place.
 D = Turns resting spent in this place as a percentage of non-inter-level travel turns spent in this place.
 E = Turns spent auto-exploring this place as a percentage of non-inter-level travel turns spent in this place.
 F = Non-inter-level travel turns spent in this place divided by the number of levels of this place that you've seen.
                   A       B       C       D       E      F
               +-------+-------+-------+-------+-------+----------------------
         Total | 100.0 | 100.0 |   1.4 |   0.1 |   9.7 | 475.6
       Dungeon |  58.5 |  58.5 |   1.4 |   0.1 |   9.8 | 480.5
        Temple |   0.5 |   0.5 |   2.2 |   0.0 |  15.9 |  44.0
          Lair |  38.3 |  38.2 |   1.5 |   0.2 |   9.8 | 575.8
       Ossuary |   2.7 |   2.8 |   0.0 |   0.0 |   5.6 | 252.0
               +-------+-------+-------+-------+-------+----------------------

Table legend:
 A = Kills in this place as a percentage of kills in entire the game.
 B = Kills by you in this place as a percentage of kills by you in the entire game.
 C = Kills by friends in this place as a percentage of kills by friends in the entire game.
 D = Other kills in this place as a percentage of other kills in the entire game.
 E = Experience gained in this place as a percentage of experience gained in the entire game.
 F = Experience gained in this place divided by the number of levels of this place that you have seen.
                   A       B       C       D       E      F
               +-------+-------+-------+-------+-------+----------------------
         Total | 100.0 | 100.0 | 100.0 | 100.0 | 100.0 | 1876.0
       Dungeon |  56.7 |  58.7 |  38.5 | 100.0 |  37.9 | 1228.5
          Lair |  37.3 |  34.5 |  61.5 |   0.0 |  61.2 | 3634.2
       Ossuary |   6.0 |   6.8 |   0.0 |   0.0 |   0.9 | 326.0
               +-------+-------+-------+-------+-------+----------------------

Vanquished Creatures
  The ghost of gw the Basher, a powerful DDGl of Makhleb (D:11)
  2 hydras
  A tengu warrior (D:10)
  3 death yaks (Lair:5)
  A sixfirhy (D:11)
  An ugly thing (D:11)
  A manticore (D:10)
  2 black mambas
  An orange demon (Lair:5)
  4 komodo dragons
  8 spiny frogs
  A two-headed ogre (D:10)
  2 blink frogs (Lair:4)
  A basilisk (Lair:1)
  A wyvern (D:8)
  2 ynoxinuls
  2 hungry ghosts
  Eustachio (D:8)
  A neqoxec (D:11)
  15 yaks
  5 hippogriffs
  3 wolves
  Edmund (D:4)
  8 water moccasins
  4 orc warriors
  An ice beast (D:6)
  3 sky beasts
  2 porcupines
  2 necrophages
  5 phantoms
  7 crocodiles
  6 ogres
  6 centaurs
  A big kobold (D:9)
  2 boring beetles
  Duvessa (D:4)
  10 giant frogs
  6 insubstantial wisps (Lair:6)
  A gnoll sergeant (D:8)
  2 water moccasin zombies (Ossuary)
  A wyvern skeleton (D:11)
  A killer bee (D:11)
  4 scorpions
  The ghost of gw the Cudgeler, a weakling DDGl (D:3)
  5 wights (D:9)
  3 crimson imps
  2 jellies
  10 hounds
  Dowan (D:4)
  6 orc priests
  Crazy Yiuf (D:6)
  6 iguanas
  A basilisk skeleton (D:10)
  5 orc wizards
  An iron imp (D:11)
  4 worker ants
  4 big kobold zombies
  Ijyb (D:4)
  A hound zombie (D:7)
  2 mummies (Ossuary)
  A worker ant zombie (D:9)
  4 gnolls (D:8)
  59 green rats
  4 shadow imps
  17 adders
  A giant mite (D:3)
  4 worms
  An inept item mimic (D:6)
  2 white imps (D:8)
  2 ufetubi
  An iguana zombie (D:5)
  8 adder zombies (Ossuary)
  6 giant geckos
  An ooze (D:3)
  26 orcs
  2 ball pythons
  2 bat skeletons
  4 giant cockroaches
  11 goblins
  18 hobgoblins
  17 quokkas
  30 bats
  4 giant newts
  A giant spore (D:11)
  A goblin skeleton (D:5)
  2 hobgoblin skeletons
  5 hobgoblin zombies (Ossuary)
  23 kobolds
  5 kobold zombies (Ossuary)
  6 orc zombies
  9 rats
  2 fungi (Lair:6)
466 creatures vanquished.

Vanquished Creatures (collateral kills)
  2 hydras
  3 hill giants
  A smoke demon (Lair:1)
  A kobold demonologist (D:11)
  2 blink frogs (Lair:4)
  6 yaks
  3 wolves
  2 neqoxecs
  A water moccasin (Lair:3)
  A porcupine (Lair:3)
  A black bear (D:10)
  A sky beast (D:11)
  A giant frog (Lair:1)
  A jelly (D:11)
  2 hounds
  An iron imp (D:11)
  A quasit (D:11)
  A worker ant (D:11)
  A sky beast zombie (D:10)
  An orc zombie (D:11)
  12 green rats
  A giant mite (D:11)
  A white imp (D:11)
  6 orcs
  A bat (D:10)
  A hobgoblin (D:11)
  3 quokkas
58 creatures vanquished.

Vanquished Creatures (others)
  6 smoke demons
  An orange demon (Lair:5)
  2 ynoxinuls
  A neqoxec (Lair:1)
  A sky beast (D:8)
  11 ufetubi
  A fungus (Lair:6)
  A plant (Lair:6)
24 creatures vanquished.

Grand Total: 548 creatures vanquished

Notes
Turn   | Place    | Note
--------------------------------------------------------------
     0 | D:1      | gw, the Deep Dwarf Gladiator, began the quest for the Orb.
     0 | D:1      | Reached XP level 1. HP: 19/19 MP: 1/1
   256 | D:1      | Reached skill level 1 in Armour
   439 | D:1      | Reached XP level 2. HP: 21/26 MP: 2/2
   863 | D:1      | Gained mutation: You are frail (-10% HP). [potion of mutation]
   863 | D:1      | Gained mutation: Your system is resistant to poisons. [potion of mutation]
   863 | D:1      | Gained mutation: Your body is slowly deteriorating. [potion of mutation]
  1269 | D:2      | Reached XP level 3. HP: 26/28 MP: 3/3
  1490 | D:3      | Noticed a giant frog
  1490 | D:3      | Noticed gw's ghost (weakling DDGl)
  1516 | D:3      | Killed a giant frog
  1516 | D:3      | Reached skill level 4 in Maces & Flails
  1516 | D:3      | Reached XP level 4. HP: 31/36 MP: 4/4
  1814 | D:3      | Killed gw's ghost
  1814 | D:3      | Reached XP level 5. HP: 15/43 MP: 5/5
  1883 | D:3      | Noticed a scorpion
  1895 | D:3      | Killed a scorpion
  1921 | D:3      | Found a deep blue altar of Sif Muna.
  2091 | D:4      | Found an ancient bone altar of Kikubaaqudgha.
  2099 | D:4      | Noticed an ogre
  2169 | D:4      | Noticed Ijyb
  2184 | D:4      | Reached skill level 5 in Maces & Flails
  2199 | D:4      | Killed Ijyb
  2199 | D:4      | Reached XP level 6. HP: 31/50 MP: 6/6
  2224 | D:4      | Noticed Dowan
  2225 | D:4      | Noticed Duvessa
  2242 | D:4      | Killed Dowan
  2259 | D:4      | Killed Duvessa
  2261 | D:4      | Found a snail-covered altar of Cheibriados.
  2270 | D:4      | Noticed Edmund
  2310 | D:4      | Killed Edmund
  2362 | D:4      | Reached skill level 6 in Maces & Flails
  2372 | D:4      | Killed an ogre
  2372 | D:4      | Reached XP level 7. HP: 43/56 MP: 6/6
  3323 | D:4      | Lost mutation: You are frail (-10% HP). [potion of cure mutation]
  3323 | D:4      | Lost mutation: Your system is resistant to poisons. [potion of cure mutation]
  3323 | D:4      | Lost mutation: Your body is slowly deteriorating. [potion of cure mutation]
  3349 | D:5      | Entered Level 5 of the Dungeon
  3426 | D:5      | Found Orag's Assorted Antiques.
  3626 | D:5      | Reached skill level 7 in Maces & Flails
  3630 | D:5      | Reached skill level 5 in Armour
  3630 | D:5      | Reached XP level 8. HP: 27/73 MP: 7/7
  4049 | D:5      | Found a white marble altar of Elyvilon.
  4071 | D:5      | Found a sparkling altar of Nemelex Xobeh.
  4235 | D:5      | Identified a scroll of acquirement
  4505 | D:6      | Reached skill level 5 in Fighting
  4719 | D:6      | Reached skill level 8 in Maces & Flails
  4835 | D:6      | Noticed Crazy Yiuf
  4841 | D:6      | Killed Crazy Yiuf
  5040 | D:6      | Found a sand-covered staircase.
  5045 | Ossuary  | Entered an ossuary
  5480 | D:7      | Found a shattered altar of Ashenzari.
  5521 | D:7      | Gained mutation: You passively map the area around you. [level up]
  5521 | D:7      | Reached XP level 9. HP: 52/76 MP: 5/5
  5776 | D:7      | Reached skill level 9 in Maces & Flails
  5838 | D:7      | Found a staircase to the Ecumenical Temple.
  5861 | Temple   | Entered the Ecumenical Temple
  5883 | Temple   | Became a worshipper of Makhleb the Destroyer
  6453 | D:7      | Reached skill level 1 in Invocations
  6494 | D:8      | Noticed Eustachio
  6599 | D:8      | Killed Eustachio
  6657 | D:8      | Acquired Makhleb's first power
  6982 | D:8      | Reached skill level 1 in Crossbows
  7151 | D:8      | Found Vaujuogown's Gadget Emporium.
  7178 | D:8      | Acquired Makhleb's second power
  7332 | D:8      | Found a snail-covered altar of Cheibriados.
  7333 | D:8      | Found a radiant altar of Vehumet.
  7333 | D:8      | Found a stormy altar of Qazlal.
  7336 | D:8      | Found a blossoming altar of Fedhas.
  7433 | D:8      | Reached skill level 10 in Maces & Flails
  7582 | D:9      | Reached XP level 10. HP: 35/87 MP: 10/10
  7645 | D:9      | Found Shumutse's Distillery.
  7746 | D:9      | Found a glowing silver altar of Zin.
  7937 | D:9      | Reached skill level 5 in Invocations
  8106 | D:9      | Found a staircase to the Lair.
  8347 | D:9      | Acquired Makhleb's third power
  8549 | D:10     | Entered Level 10 of the Dungeon
  8670 | D:10     | Noticed a tengu warrior
  8670 | D:10     | Noticed a hill giant
  8671 | D:10     | Noticed a manticore
  8682 | D:10     | Killed a hill giant
  8696 | D:10     | Killed a manticore
  8716 | D:10     | Killed a tengu warrior
  8716 | D:10     | Reached skill level 11 in Maces & Flails
  9087 | D:10     | Noticed a hill giant
  9096 | D:10     | Killed a hill giant
  9186 | D:11     | Noticed gw's ghost (powerful DDGl)
  9246 | D:11     | Noticed a purple ugly thing
  9336 | D:11     | Noticed a hill giant
  9345 | D:11     | Gained mutation: Your magical capacity is low (-10% MP). [a neqoxec]
  9348 | D:11     | Gained mutation: You are frail (-10% HP). [a neqoxec]
  9350 | D:11     | Killed a hill giant
  9350 | D:11     | Reached XP level 11. HP: 35/85 MP: 11/11
  9360 | D:11     | Killed a purple ugly thing
  9364 | D:11     | Gained mutation: You are very frail (-20% HP). [a neqoxec]
  9616 | D:11     | Found Qujuch's Antique Weapon Boutique.
 10088 | D:11     | Killed gw's ghost
 10102 | D:11     | Reached skill level 5 in Crossbows
 10405 | Lair:1   | Entered Level 1 of the Lair of Beasts
 10665 | Lair:1   | HP: 1/75 [smoke demon/ball of steam[the player character] (19)]
 11230 | Lair:1   | Reached skill level 12 in Maces & Flails
 12427 | Lair:3   | Acquired Makhleb's fourth power
 13172 | Lair:3   | Noticed a six-headed hydra
 13181 | Lair:3   | Killed a six-headed hydra
 13181 | Lair:3   | Reached XP level 12. HP: 42/83 MP: 11/11
 13185 | Lair:3   | Reached skill level 10 in Armour
 13831 | Lair:4   | Noticed a six-headed hydra
 13870 | Lair:4   | Killed a six-headed hydra
 13995 | Lair:4   | Acquired Makhleb's fifth power
 14796 | Lair:5   | Noticed a seven-headed hydra
 14806 | Lair:5   | Killed a seven-headed hydra
 14875 | Lair:5   | Reached skill level 13 in Maces & Flails
 15320 | Lair:5   | Noticed a seven-headed hydra
 15336 | Lair:5   | Killed a seven-headed hydra
 16688 | Lair:6   | Found a staircase to the Swamp.
 16738 | Lair:6   | HP: 1/86 [death yak (7)]
 16739 | Lair:6   | Slain by a death yak

Action                   |  1- 3 |  4- 6 |  7- 9 | 10-12 || total
-------------------------+-------+-------+-------+-------++-------
Melee: Flail             |   113 |   157 |   340 |       ||   610
       Dire flail        |       |       |   359 |   223 ||   582
       Great mace        |       |       |       |   641 ||   641
 Fire: Hand crossbow     |       |       |    16 |   392 ||   408
Invok: Minor Destruction |       |       |     2 |     1 ||     3
       Lesser Servant of |       |       |       |    33 ||    33
       Major Destruction |       |       |       |     2 ||     2
       Greater Servant o |       |       |       |     2 ||     2
 Abil: Device Recharging |       |     1 |     6 |     8 ||    15
Evoke: Wand              |       |    10 |    21 |    55 ||    86
  Use: Scroll            |     6 |     3 |    11 |    10 ||    30
       Potion            |     4 |     3 |     9 |     5 ||    21
 Stab: Distracted        |       |       |       |     7 ||     7
  Eat: Chunk             |     2 |     4 |    18 |    34 ||    58

Vault maps used:
D:1:      dpeg_chamrin_arrival_tetris
D:2:      first_bread, minmay_bat_box
D:3:      led_sif_pool
D:4:      kennysheep_mini, cheibriados_altar_1, uniq_iyjb, uniq_duvessa,
          uniq_edmund
D:5:      grunt_temple_overflow_open, serial_shops, shop, grunt_ministairs_6
D:6:      corexii_shack_village, enter_ossuary_2, uniq_crazy_yiuf_cottage
D:7:      ashenzari_altar_1, temple_doors_e, grunt_ministairs_1
D:8:      minitemple, serial_shops, nicolae_shop_crystal, uniq_eustachio
D:9:      lemuel_coloured_pillars_altar, lair_0_dummy, serial_shops,
          nicolae_shop_waterfront, dk_noncrumbling_1, blue_anna_alchemist
D:10:     kennysheep_big_flooded_room, hangedman_decor_growths
D:11:     serial_shops, shop
Temple:   corrupted_temple
Lair:2:   minmay_lindwurm_lava
Lair:3:   serial_bayou_shore_b
Lair:4:   minivault_23
Lair:5:   beast_lair_carwin_large_1
Lair:6:   minmay_swamp_entry_wisps, dummy_spider_entry
Ossuary:  ossuary_tomb_2
